 Seeded DCSS version 0.30-a0-359-gd0147acb1a (webtiles) character file.

Game seed: 13694512553357612568 (custom seed)

5 valliere the Shield-Bearer (level 1, 16/16 HPs)
             Began as an Octopode Fighter on Nov 11, 2022.
             Was a Follower of Trog.
             Quit the game on level 2 of the Dungeon.
             The game lasted 00:00:28 (114 turns).

valliere the Shield-Bearer (Octopode Fighter)        Turns: 114, Time: 00:00:29

Health: 16/16      AC:  1    Str: 15    XL:     1   Next: 80%
Magic:  1/1        EV: 13    Int: 10    God:    Trog [*.....]
Gold:   13         SH:  4    Dex: 11    Spells: 0/0 levels left

rFire   . . .      SeeInvis .      - Unarmed
rCold   . . .      Faith    .    a - +0 buckler
rNeg    . . .      Spirit   .    (helmet restricted)
rPois   .          Reflect  .    (no amulet)
rElec   .          Harm     .    (no ring)
rCorr   .          Rampage  .    (no ring)
Will    .....                    (no ring)
Stlth   ++........               (no ring)
HPRegen 0.22/turn                (no ring)
MPRegen 0.07/turn                (no ring)
                                 (no ring)
                                 (no ring)

@: no status effects
A: almost no armour, amphibious, 8 rings, camouflage 1, gelatinous body 1,
(nimble swimmer 1), tentacles
a: Renounce Religion, Berserk


You were on level 2 of the Dungeon.
You worshipped Trog.
Trog was aware of your devotion.
You visited 1 branch of the dungeon, and saw 2 of its levels.

You collected 13 gold pieces.

Inventory:

Armour
 a - a +0 buckler (worn)
Potions
 b - a potion of might


   Skills:
 + Level 3.0 Fighting
 + Level 3.0 Dodging
 + Level 0.4 Stealth
 + Level 3.0 Shields
 * Level 2.2 Unarmed Combat


You couldn't memorise any spells.
You didn't know any spells.
Your spell library was empty.

Dungeon Overview and Level Annotations

Branches:
Dungeon (2/15)

Altars:
Trog


Innate Abilities, Weirdness & Mutations

You cannot wear most types of armour.
You are amphibious.
You can wear up to eight rings at the same time.
Your skin changes colour to match your surroundings (Stealth+).
Your rubbery body absorbs attacks. (AC +1, EV +1)
((You are camouflaged when in or above water. (Stealth+)))
You have tentacles for arms and can constrict up to eight enemies at once.


Message History

You kill the goblin!
You tentacle-slap the endoplasm.
The endoplasm is heavily wounded.
The endoplasm freezes you.
You are frozen.
You tentacle-slap the endoplasm.
You kill the endoplasm!
No target in view!
There is a stone staircase leading down here.
You climb downwards.
The hobgoblin shouts!
Found a ring mail.
There is a stone staircase leading up here.
Found 5 gold pieces.
A jackal comes into view.
Found a stone staircase leading down.
The hobgoblin barely misses you.
You tentacle-slap the hobgoblin but do no damage.
You grab the hobgoblin. You squeeze the hobgoblin.
The hobgoblin is severely wounded.
You constrict the hobgoblin. The hobgoblin hits you.
You tentacle-slap the hobgoblin.
You kill the hobgoblin!
No target in view!
You see here a hobgoblin corpse.
Found a faded altar of an unknown god.
You tentacle-slap the fungus.
The fungus begins to die.
You grab the fungus.
The fungus is lightly damaged.
You constrict the fungus. You tentacle-slap the fungus.
The fungus is lightly damaged.
You constrict the fungus.
You release your grip on the fungus.
A nearby fungus withers and dies.
There is a faded altar of an unknown god here.
This altar belongs to (a) Trog, (b) Fedhas or (c) Ru, but you can't tell which.
Press the corresponding letter to learn more about a god, or press enter to convert or escape to cancel.
Trog accepts your prayer! Trog welcomes you!
You can now go berserk at will.
Are you sure you want to abandon this character and quit the game? (Confirm with "yes".)

###..# ..#..# #........#
..#..# #........ .....#
#....... ..#.## #.......
..#.# #....PP
..#.#######..P.♣♣♣ #.#
..#.##....#....♣.♣♣.....
..#.##....#.....@.P..#
..#.##........PP.♣♣P.#
..#.#........P♣♣.P......
.†#.#.....#........... #
..#.......###........#
#.######+## ##.###.###
#.# .# .# ..# #.# .# ###
.#


There were no monsters in sight!

Vanquished Creatures
  An endoplasm (D:1)
  A hobgoblin (D:2)
  A bat (D:1)
  2 goblins (D:1)
5 creatures vanquished.

Vanquished Creatures (others)
  A fungus (D:2)
1 creature vanquished.

Grand Total: 6 creatures vanquished

Notes
Turn   | Place    | Note
-------+----------+-------------------------------------------
     0 | D:1      | valliere the Octopode Fighter began the quest for the Orb.
     0 | D:1      | Reached XP level 1. HP: 16/16 MP: 1/1
   103 | D:2      | Found a faded altar of an unknown god.
   113 | D:2      | Prayed at the altar of an unknown god.
   113 | D:2      | Became a worshipper of Trog the Wrathful
   113 | D:2      | Reached * piety under Trog
   114 | D:2      | Quit the game

Illustrated notes

Levels and vault maps discovered:
D:1:      erik_arrival_blinker_ship, layout_basic, bh_walls_and_bars
D:2:      layout_basic, dreamdust_ecumenical_altar_grove, serial_shops,
          nicolae_shop_waterfront

Action                   || total
-------------------------++-------
Melee: Unarmed           ||    13
       Constrict         ||     3
       Tentacles         ||     1
 Stab: Sleeping          ||     1
Dodge: Dodged            ||     5
Block: Buckler           ||     1

Table legend: (Time is in decaauts)
 A = Elapsed time spent in this place.
 B = Non-inter-level travel time spent in this place.
 C = Inter-level travel time spent in this place.
 D = Time resting spent in this place.
 E = Time spent auto-exploring this place.
 F = Levels seen in this place.
 G = Mean time per level.
                   A        B        C        D        E       F      G
               +--------+--------+--------+--------+--------+-----+--------+
         Total |    113 |    113 |      0 |      0 |     22 |   2 |   56.5 |
       Dungeon |    113 |    113 |      0 |      0 |     22 |   2 |   56.5 |
               +--------+--------+--------+--------+--------+-----+--------+

Top non-repeatable levels by time:
     D:2: 64 daAuts
     D:1: 49 daAuts
